 Dungeon Crawl Stone Soup version 0.32-a0-18-g89e19f1974 (webtiles) character file.

Game seed: 17094555296252101873

1614 voltaire321 the Sneak (level 8, -1/48 HPs)
             Began as an Octopode Earth Elementalist on Jan 17, 2024.
             Was a Follower of Hepliaklqana.
             Succumbed to a killer bee's poison
             ... on level 7 of the Dungeon.
             The game lasted 00:15:24 (6692 turns).

voltaire321 the Sneak (Octopode Earth Elementalist) Turns: 6692, Time: 00:15:24

Health: -1/48      AC:  1    Str:  8    XL:     8   Next: 95%
Magic:  10/14      EV: 14    Int: 19    God:    Hepliaklqana [*.....]
Gold:   1135       SH:  0    Dex: 12    Spells: 8/15 levels left

rFire   . . .        k - +1 whip (elec)
rCold   . . .        (no shield)
rNeg    . . .        (helmet restricted)
rPois   .            (no amulet)
rElec   .            (no ring)
rCorr   .            (no ring)
SInv    .            (no ring)
Will    .....        (no ring)
Stlth   ++++         (no ring)
HPRegen 0.28/turn    (no ring)
MPRegen 0.14/turn    (no ring)
                     (no ring)

%: no passive effects
@: lethally poisoned (-1 -> -9)
A: reduced essence, almost no armour, amphibious, 8 rings, camouflage 1,
gelatinous body 1, (nimble swimmer 1), tentacles
a: Renounce Religion, Recall Ancestor, Ancestor Identity


You were on level 7 of the Dungeon.
You worshipped Hepliaklqana.
Hepliaklqana was aware of your devotion.
You visited 1 branch of the dungeon, and saw 7 of its levels.

You collected 1135 gold pieces.

Inventory:

Hand Weapons
 k - a +1 whip of electrocution (weapon)
 m - a +0 spectral rapier
Missiles
 v - a throwing net
Jewellery
 r - a ring of protection from fire
Wands
 p - a wand of flame (13)
 s - a wand of mindburst (14)
 u - a wand of charming (8)
 w - a wand of iceblast (9)
Scrolls
 b - 2 scrolls of identify
 e - a scroll of silence {unknown}
 f - a scroll of enchant weapon {unknown}
 i - a scroll of vulnerability {unknown}
 j - 2 scrolls of enchant armour
 l - a scroll of revelation
 n - 2 scrolls of brand weapon
 o - 4 scrolls of poison
 q - a scroll of fear
Potions
 a - a potion of magic
 c - a potion of brilliance {unknown}
 d - 5 potions of curing
 g - 2 potions of resistance
 h - a potion of invisibility


   Skills:
 + Level 4.1 Fighting
 + Level 4.8 Dodging
 + Level 6.5 Stealth
 + Level 4.3 Spellcasting
 + Level 4.2 Conjurations
 + Level 5.1 Earth Magic
 + Level 3.0 Invocations


You had 8 spell levels left.
You knew the following spells:

 Your Spells              Type           Power      Damage    Failure   Level
a - Sandblast             Erth           46%        2d11      1%          1
b - Passwall              Erth           23%        N/A       4%          3
c - Stone Arrow           Conj/Erth      42%        3d9       6%          3

Your spell library contained the following spells:

 Spells                   Type           Power      Damage    Failure   Level
 Magic Dart               Conj           80%        1d7       2%          1
 Searing Ray              Conj           40%        2d5       3%          2
 Momentum Strike          Conj/Tloc      24%        3d8       9%          2
 Brom's Barrelling Bould  Conj/Erth      21%        2d4       19%         4
 Blink                    Tloc           8%         N/A       21%         2
 Lesser Beckoning         Tloc           8%         N/A       21%         2
 Petrify                  Alch/Erth      13%        N/A       43%         4
 Fulminant Prism          Conj/Alch      6%         3d7       50%         4


Dungeon Overview and Level Annotations

Branches:
Dungeon (7/15)
 Temple: D:4-7

Altars:
Hepliaklqana
Nemelex Xobeh
Sif Muna
Yredelemnul

Shops:
D:3 *

Annotations:
D:3 3 runed translucent doors, Azoth's ghost, amateur DsSh; runemasterragnar's ghost, amateur MfSh; yuxiaojun's ghost, amateur HOMo


Innate Abilities, Weirdness & Mutations

Your life essence is reduced to manifest your ancestor. (-10% HP)
You cannot wear most types of armour.
You are amphibious.
You can wear up to eight rings at the same time.
Your skin changes colour to match your surroundings (Stealth+).
Your rubbery body absorbs attacks. (AC +1, EV +1)
((You are camouflaged when in or above water. (Stealth+)))
You have tentacles for arms and can constrict up to eight enemies at once.


Message History

The killer bee barely misses you. x2; Teicuih hits the killer bee.
The killer bee stings you.
Teicuih hits the killer bee.
You hit the killer bee but do no damage.
Your grab misses the killer bee. Your squeeze misses the killer bee.
The killer bee is moderately wounded.
The killer bee misses you. The killer bee stings you.
You are poisoned.
The killer bee poisons you!
Teicuih closely misses the killer bee.
Aiming: Sandblast (safe; 1% risk of failure)
Press: ? - help, Q - select action, (/) - cycle Shift-Dir - straight line, f/p - killer bee
Aim: a killer bee (moderately wounded, ally target, 65% to hit)
The blast of sand misses the killer bee.
You feel very sick. The killer bee completely misses you.
The killer bee closely misses you.
Teicuih barely misses the killer bee.
The killer bee closely misses you.
Aiming: Sandblast (safe; 1% risk of failure)
Press: ? - help, Q - select action, (/) - cycle Shift-Dir - straight line, f/p - killer bee
Aim: a killer bee (moderately wounded, ally target, 65% to hit)
The blast of sand hits the killer bee.
The killer bee is heavily wounded.
You feel sick. The killer bee barely misses you. The killer bee stings you.
You are more poisoned.
The killer bee poisons you!
Teicuih barely misses the killer bee.
The killer bee closely misses you.
Teicuih barely misses the killer bee.
Aiming: Sandblast (safe; 1% risk of failure)
Press: ? - help, Q - select action, (/) - cycle Shift-Dir - straight line, f/p - killer bee
Aim: a killer bee (heavily wounded, ally target, 65% to hit)
The blast of sand misses the killer bee.
You feel very sick. The killer bee stings you!
* * * LOW HITPOINT WARNING * * *
The killer bee stings you!
* * * LOW HITPOINT WARNING * * *
Teicuih hits the killer bee.
The killer bee barely misses you.
Aiming: Sandblast (safe; 1% risk of failure)
Press: ? - help, Q - select action, (/) - cycle Shift-Dir - straight line, f/p - killer bee
Aim: a killer bee (severely wounded, ally target, 65% to hit)
The blast of sand hits the killer bee!
You kill the killer bee!
You die...

##†###
#.......
#..#
##.......
##.##
.........
##.##
.........
### ##..#
.#.......
.....###..##
#........
#.....##
..#.....
#####.## .
#...(. ##@#
#..... #.#
#..... #.R#
...#### ##.#
#### .# ..
#.# .# #y


You could see the friendly Teicuih the ancestor.

Vanquished Creatures
  An ice beast (D:5)
  An ogre (D:5)
  A phantom (D:5)
  4 bullfrogs
  A kobold brigand (D:6)
  5 killer bees (D:7)
  An electric eel (D:6)
  2 orc priests (D:5)
  2 bombardier beetles
  3 jellies (D:5)
  2 sleepcaps
  Jessica (D:2)
  2 iguanas
  An orc wizard (D:5)
  Ijyb (D:5)
  Robin (D:2)
  11 adders
  7 gnolls
  A white imp (D:6)
  2 ufetubi (D:6)
  2 dart slugs
  3 ribbon worms
  11 orcs
  10 endoplasms
  4 giant cockroaches
  17 goblins
  7 hobgoblins
  3 jackals (D:1)
  12 kobolds
  2 quokkas
  9 ball pythons
  5 bats
  6 frilled lizards
  3 rats
144 creatures vanquished.

Vanquished Creatures (collateral kills)
  3 howler monkeys (D:7)
3 creatures vanquished.

Grand Total: 147 creatures vanquished

Notes
Turn   | Place    | Note
-------+----------+-------------------------------------------
     0 | D:1      | voltaire321 the Octopode Earth Elementalist began the quest
                  | for the Orb.
     0 | D:1      | Reached XP level 1. HP: 11/11 MP: 3/3
   174 | D:1      | Reached XP level 2. HP: 18/18 MP: 3/5
   236 | D:1      | Reached skill level 3 in Stealth
   561 | D:1      | Reached XP level 3. HP: 22/22 MP: 4/6
   988 | D:2      | Noticed Robin
  1137 | D:2      | Reached skill level 1 in Fighting
  1394 | D:2      | Reached XP level 4. HP: 26/28 MP: 3/7
  1467 | D:2      | Killed Robin
  1823 | D:2      | Noticed Jessica
  1826 | D:2      | Killed Jessica
  1939 | D:2      | Reached XP level 5. HP: 33/33 MP: 7/9
  1947 | D:2      | Learned a level 3 spell: Passwall
  1951 | D:2      | Learned a level 3 spell: Stone Arrow
  2188 | D:3      | Found Mewkiomi's Assorted Antiques.
  2515 | D:3      | Found a runed translucent gate.
  2517 | D:3      | Found a runed translucent gate.
  2518 | D:3      | Found a runed translucent gate.
  2519 | D:3      | Noticed runemasterragnar's ghost (amateur MfSh)
  2519 | D:3      | Noticed yuxiaojun's ghost (amateur HOMo)
  2519 | D:3      | Noticed Azoth's ghost (amateur DsSh)
  3232 | D:4      | Reached skill level 4 in Stealth
  3386 | D:4      | Reached XP level 6. HP: 39/39 MP: 5/10
  4100 | D:5      | Entered Level 5 of the Dungeon
  4420 | D:5      | Identified a scroll of acquirement
  4420 | D:5      | Acquired 755 gold pieces
  4523 | D:5      | Found a hazy altar of Hepliaklqana.
  4541 | D:5      | Reached XP level 7. HP: 44/45 MP: 9/11
  4558 | D:5      | Became a worshipper of Hepliaklqana the Forgotten
  4842 | D:5      | Reached skill level 5 in Stealth
  4889 | D:5      | Reached skill level 1 in Invocations
  5175 | D:5      | Noticed Ijyb
  5180 | D:5      | Killed Ijyb
  5400 | D:6      | Reached XP level 8. HP: 44/52 MP: 11/13
  5543 | D:6      | Found a basalt altar of Yredelemnul.
  5546 | D:6      | Found a shimmering blue altar of Sif Muna.
  6126 | D:6      | Found a sparkling altar of Nemelex Xobeh.
  6292 | D:7      | Reached skill level 6 in Stealth
  6515 | D:7      | Reached * piety under Hepliaklqana
  6526 | D:7      | Reached skill level 5 in Earth Magic
  6691 | D:7      | HP: 2/48 [killer bee (10)]
  6692 | D:7      | Succumbed to a killer bee's poison

Illustrated notes

Levels and vault maps discovered:
D:1:      spicycebolla_green_bress_n_ham, layout_basic, chequers_jeans,
          supply_closet_lemuel
D:2:      wander_river, layout_basic, uniq_robin, uniq_jessica
D:3:      layout_loops_cross, gammafunk_ghost_cemetery, serial_shops, shop
D:4:      layout_loops_ring
D:5:      layout_cave_pools, mainiacjoe_overflow_cross_hatched, uniq_ijyb
D:6:      layout_basic, nicolae_overflow_squiral,
          mainiacjoe_overflow_small_starburst
D:7:      layout_cave_pods, minmay_temple_entry_crystal_x

Skill      XL: |  1  2  3  4  5  6  7  8 |
---------------+-------------------------+-----
Stealth        | 3 4 5 6 |  6.5
Fighting       | 1 2 3 4 |  4.1
Conjurations   | 2 3 4 |  4.2
Dodging        | 3 4 |  4.8
Spellcasting   | 3 4 |  4.3
Earth Magic    | 4 5 |  5.1
Invocations    | 1 3 |  3.0

Action                     |  1- 3 |  4- 6 |  7- 9 || total
---------------------------+-------+-------+-------++-------
  Melee: Unarmed           |     8 |       |       ||     8
         Tentacles         |     3 |     7 |    23 ||    33
         Constrict         |     2 |     7 |    14 ||    23
         Dagger            |     3 |       |       ||     3
         Punch             |     1 |       |     2 ||     3
         Whip              |       |    35 |    60 ||    95
   Cast: Sandblast         |    49 |    89 |    72 ||   210
         Stone Arrow       |       |       |     1 ||     1
    Use: Scroll            |       |    15 |       ||    15
         Potion            |       |       |     3 ||     3
   Stab: Sleeping          |       |     1 |       ||     1
 Armour: Skin              |    13 |    23 |    61 ||    97
  Dodge: Dodged            |    21 |    28 |    71 ||   120

Table legend: (Time is in decaauts)
 A = Elapsed time spent in this place.
 B = Non-inter-level travel time spent in this place.
 C = Inter-level travel time spent in this place.
 D = Time resting spent in this place.
 E = Time spent auto-exploring this place.
 F = Levels seen in this place.
 G = Mean time per level.
                   A        B        C        D        E       F      G
               +--------+--------+--------+--------+--------+-----+--------+
         Total |   6804 |   6741 |     63 |   1719 |   3533 |   7 |  972.0 |
       Dungeon |   6804 |   6741 |     63 |   1719 |   3533 |   7 |  972.0 |
               +--------+--------+--------+--------+--------+-----+--------+

Top non-repeatable levels by time:
     D:5: 1292 daAuts
     D:4: 1223 daAuts
     D:1: 1121 daAuts
     D:2: 1076 daAuts
     D:6: 919 daAuts
     D:3: 740 daAuts
     D:7: 429 daAuts
